[Event "French-ch U16-U18 2024"]
[Site "Agen"]
[Date "2024.04.18"]
[Round "6.12"]
[White "Milojevic-Daim, Lola-Shaina"]
[Black "Berezovsky, Fiorina"]
[Result "0-1"]
[ECO "D00"]
[WhiteElo "1867"]
[BlackElo "1848"]
[Annotator "NA RC COMBH"]
[PlyCount "126"]
[EventDate "2024.04.14"]
[EventType "swiss"]
[EventCountry "FRA"]
[SourceTitle "playchess.com"]
[Source "ChessBase"]
[SourceQuality "1"]
[TimeControl "5400+30"]

1. d4 d5 2. Nc3 Nf6 3. Bf4 c6 4. e3 Bf5 5. Nf3 e6 6. Ne5 Nbd7 7. g4 Nxe5 8. gxf5 Ned7 9. fxe6 fxe6 10. Bh3 Qe7 11. Qe2 Qf7 12. a3 Be7 13. Rg1 Nf8 14. O-O-O Ng6 15. Bg3 O-O 16. e4 dxe4 17. Nxe4 Nxe4 18. Qxe4 Nf4 19. Bxf4 Qxf4+ 20. Qxf4 Rxf4 21. Bxe6+ Kh8 22. Rgf1 Raf8 23. d5 cxd5 24. Rxd5 Rxf2 25. Rxf2 Rxf2 26. Rd7 Bg5+ 27. Kb1 Rxh2 28. Rxb7 g6 29. Rxa7 Rh1+ 30. Ka2 Re1 31. Bc4 h5 32. Ra6 Kg7 33. Bd3 Bf6 34. c4 h4 35. c5 h3 36. Bc4 Rc1 37. Ra7+ Kh6 38. Bg8 Bg7 39. Be6 h2 40. Bd5 Rxc5 41. Be4 Rc1 42. Ra6 Rg1 43. a4 h1=Q 44. Bxh1 Rxh1 45. Re6 Rh4 46. Ra6 Rb4 47. b3 Kh5 48. Ra7 Bd4 49. Rh7+ Kg4 50. Rc7 g5 51. Ka3 Rb8 52. Rc4 Rd8 53. a5 Kf3 54. Rc7 g4 55. Rf7+ Ke2 56. Re7+ Kf1 57. Rf7+ Bf2 58. Rg7 g3 59. b4 g2 60. Rxg2 Kxg2 61. b5 Ra8 62. Ka4 Kf3 63. a6 Bb6 0-1

[Event "French-ch U16-U18 2024"]
[Site "Agen"]
[Date "2024.04.18"]
[Round "6.13"]
[White "Hamm, Gabrielle"]
[Black "Grimault, Leane"]
[Result "0-1"]
[ECO "B07"]
[WhiteElo "1797"]
[BlackElo "1930"]
[Annotator "TA"]
[PlyCount "64"]
[EventDate "2024.04.14"]
[EventType "swiss"]
[EventCountry "FRA"]
[SourceTitle "playchess.com"]
[Source "ChessBase"]
[SourceQuality "1"]
[TimeControl "5400+30"]

1. e4 g6 2. d4 Bg7 3. Nc3 d6 4. Be3 Nf6 5. Qd2 c6 6. O-O-O b5 7. f3 O-O 8. Bh6 Qc7 (8... Qa5 $14) 9. h4 $16 e5 10. Nge2 Nbd7 (10... Bxh6 $142 11. Qxh6 Nbd7) 11. g4 (11. Bxg7 $16 Kxg7 12. a3) 11... Nb6 {[%emt 0:07:50] Hoping for ...Nc4.} 12. h5 (12. Ng3 $14) 12... b4 (12... Nc4 $11 {keeps the balance.} 13. Qg5 Nxe4 14. Nxe4 f6 15. Bxg7 fxg5 16. Bxf8 Kxf8) 13. Nb1 $2 (13. Bxg7 $16 Kxg7 14. Nb1 (14. hxg6 fxg6 15. Qh6+ Kg8 $15)) 13... a5 $2 (13... Nxe4 $17 14. fxe4 Nc4) 14. Bxg7 Kxg7 15. hxg6 (15. Ng3 $16) 15... fxg6 $14 16. Qh6+ (16. dxe5 $14 dxe5 17. Ng3 (17. Qh6+ Kg8 $11)) 16... Kg8 $11 17. Ng3 Be6 ({Black should try} 17... exd4 $15 18. g5 Ne8) 18. dxe5 dxe5 19. Rd2 ({Better is} 19. Nf5 $14) 19... Bxa2 {[%emt 0:03:38] aiming for ...a4.} 20. Rdh2 $1 Rf7 $2 {[%emt 0:01:44] [#] Active counter play!} (20... Ra7 $15 {keeps the upper hand.} 21. Qe3 Rf7) 21. Nd2 $2 (21. g5 $1 $18 ) 21... Be6 $2 {[%emt 0:02:03][%mdl 8192] [#]} ({Reject} 21... a4 $6 22. g5 Ne8 23. Qxg6+ Rg7 (23... hxg6 24. Rh8+ Kg7 25. R1h7#) 24. Qh6 $16) (21... Nfd7 $11) 22. Nb3 $4 (22. g5 $1 $18 {[%cal Rg5f6] is the narrow road to win.} a4 23. gxf6) 22... c5 (22... Bxg4 $19 23. Be2 (23. fxg4 $2 {loses.} Nxg4 24. Qh3 Nxh2 $19) 23... a4 24. fxg4 axb3 25. cxb3 Qc8) 23. Qe3 (23. g5 $17 a4 24. Na1) 23... Bxb3 24. Qxb3 (24. cxb3 {is more resistant.} a4 25. Kb1) 24... c4 25. Qe3 a4 26. g5 {[%emt 0:02:41] [#]} (26. Kb1 $142) 26... a3 $1 $19 27. Kb1 (27. bxa3 Rxa3) 27... axb2 28. Kxb2 Qa7 29. Kc1 Qa1+ 30. Kd2 Rd8+ 31. Ke2 Qd1+ 32. Kf2 Ng4+ {[%emt 0:00:08] Weighted Error Value: White=1.25/Black=0.88.  Loses game:     	White=1     	Black=2      Missed win:     	White=2     	---        Mistake:       	White=8     	Black=5      Inaccurate:     	White=2     	Black=1      OK:         	White=3     	Black=4      Best:        	---       	Black=1      Strong:       	White=1     	---} (32... Qxc2+ 33. Kg1 Nfd5 34. exd5 Nxd5 35. Qc5 $17) 0-1

[Event "French-ch U16-U18 2024"]
[Site "Agen"]
[Date "2024.04.18"]
[Round "6.14"]
[White "Naville, Lea"]
[Black "Diez, Agathe"]
[Result "0-1"]
[ECO "D37"]
[WhiteElo "1745"]
[BlackElo "1954"]
[Annotator "TA"]
[PlyCount "66"]
[EventDate "2024.04.14"]
[EventType "swiss"]
[EventCountry "FRA"]
[SourceTitle "playchess.com"]
[Source "ChessBase"]
[SourceQuality "1"]
[TimeControl "5400+30"]

1. d4 d5 2. c4 e6 3. Nc3 Be7 4. Nf3 Nf6 5. Bf4 O-O 6. e3 Nbd7 7. c5 Nh5 8. a3 Nxf4 9. exf4 b6 10. b4 c6 {[%emt 0:00:32][%cal Rb6c5] Dodges Bb5} 11. Bd3 a5 12. O-O Ba6 13. g3 Bf6 14. Qc2 Bxd3 15. Qxd3 Qc7 16. Rfe1 Rfb8 17. Reb1 g6 18. Ne5 Bg7 19. Na4 {[%emt 0:05:58] [#] Threatens to win with Nxd7.} Bxe5 20. fxe5 axb4 21. axb4 bxc5 22. bxc5 Rxb1+ 23. Qxb1 Rb8 {[%emt 0:00:15] Repels Nb6} 24. Qd3 Qa5 25. Qc3 Rb4 26. Qe1 {[%emt 0:06:59][%cal Oa4b6] [#] Nb6! is the strong threat.} ({But not} 26. Nb6 $2 Rb1+ 27. Rxb1 Qxc3 $19) 26... Qb5 27. Nc3 Qb7 (27... Qc4 $11 28. Ra7 Rb3) 28. Qd2 Kg7 29. Kg2 h6 30. Na4 (30. Ra2 $14) 30... Qb5 31. Nc3 Rb2 32. Qd1 Qc4 33. Rc1 Rb4 {[%emt 0:00:29][%mdl 32768] Against Na4.   Weighted Error Value: White=0.12 (very precise) /Black=0.11 (very precise) .  Mistake:       	White=1     	Black=2      Inaccurate:     	White=2     	Black=2      OK:         	White=8     	Black=9     . Loss on time!?} (33... Qb4 $11) 0-1

[Event "French-ch U16-U18 2024"]
[Site "Agen"]
[Date "2024.04.18"]
[Round "6.15"]
[White "Yaghi, leen"]
[Black "Beil, Romane"]
[Result "1-0"]
[ECO "B01"]
[WhiteElo "1941"]
[BlackElo "1652"]
[Annotator "TA"]
[PlyCount "63"]
[EventDate "2024.04.14"]
[EventType "swiss"]
[EventCountry "FRA"]
[SourceTitle "playchess.com"]
[Source "ChessBase"]
[SourceQuality "1"]
[TimeControl "5400+30"]

1. e4 d5 2. exd5 Nf6 3. d4 Bg4 4. Bb5+ Nbd7 5. Be2 Bxe2 6. Qxe2 Nxd5 7. Nf3 g6 8. c4 N5b6 9. Nc3 {[%emt 0:00:57] White is better.} Bg7 10. O-O Nf6 11. Re1 O-O 12. Bf4 ({Don't play} 12. Qxe7 $6 Nxc4 13. Qc5 Nb6 $11) 12... Nh5 13. Be5 Bxe5 14. dxe5 {[%emt 0:02:22] And now Rad1 would win.} e6 (14... Ng7 $142) 15. Ne4 Qe7 16. b3 Nd7 17. Qe3 Ng7 (17... f6 $16 18. exf6 Nhxf6 19. Nxf6+ Rxf6) 18. Qh6 (18. Rad1 $18 {[%cal Od1d7] Strongly threatening Rxd7!} Nh5 19. h3) 18... Nf5 19. Qh3 (19. Qf4 $16 {Hoping for Rad1.} f6 20. exf6 Nxf6 21. Rad1) 19... Kg7 (19... h5 $1 $11) 20. Rad1 (20. g4 $16 Nh6 21. Nf6) 20... Rh8 ({Black should try} 20... h5 $14) 21. g4 $18 Nh6 22. g5 ({Better is} 22. Re3 $18) 22... Nf5 $16 23. Nf6 $40 {[%emt 0:00:18][%mdl 128] White wants a kill.} Rad8 24. Nd4 $1 {[%emt 0:01:22] Threatening mate with Nxf5+. White is much more active.} h6 $2 {[%emt 0:03:39][%mdl 8192] [#]} (24... h5 $16) 25. Nxf5+ $1 $18 exf5 (25... gxf5 {was worth a try.} 26. Qh5 Kf8) 26. Qc3 Nc5 27. Rxd8 Qxd8 {[%emt 0:00:45] [#]} 28. e6 $1 {[%emt 0:00:54][%mdl 512] White mates.} Ne4 (28... Nxe6 29. Rxe6) 29. Nxe4+ Kf8 30. Qxh8+ Ke7 31. Qxd8+ Kxd8 32. gxh6 {[%emt 0:00:05] Weighted Error Value: White=0.20 (precise) /Black=0.84.  Loses game:     	---       	Black=1      Mistake:       	White=4     	Black=5      Inaccurate:     	White=1     	Black=4      OK:         	White=4     	Black=4      Best:        	White=2     	Black=1      Strong:       	White=2     	---} 1-0

[Event "French-ch U16-U18 2024"]
[Site "Agen"]
[Date "2024.04.18"]
[Round "6.16"]
[White "Razafindratsima, Timothe"]
[Black "Makkar, Rajat"]
[Result "1/2-1/2"]
[ECO "C42"]
[WhiteElo "2438"]
[BlackElo "2452"]
[Annotator "TA"]
[PlyCount "108"]
[EventDate "2024.04.14"]
[EventType "swiss"]
[EventCountry "FRA"]
[SourceTitle "playchess.com"]
[Source "ChessBase"]
[SourceQuality "1"]
[TimeControl "5400+30"]

1. e4 e5 2. Nf3 Nf6 3. Nxe5 d6 4. Nf3 Nxe4 5. Nc3 Nxc3 6. dxc3 Be7 7. Be3 Nd7 8. Qd2 {[%emt 0:00:27] C42: Petroff Defence: 3 Nxe5 and unusual White 3rd moves.} Ne5 9. O-O-O Nxf3 {[%emt 0:00:34] 9...0-0 is not played anymore.} 10. gxf3 Be6 11. Rg1 g6 12. Bg5 $146 ({Predecessor:} 12. a3 a6 13. Qd4 Kd7 14. Bc4 Bf6 15. Bxe6+ fxe6 16. Qe4 b5 17. Bf4 e5 18. Bxe5 Bxe5 19. Qxe5 {½-½ Bruzon Batista,L (2643)-Granda Zuniga,J (2662) ESP-chT CECLUB Div1 2017 (6.2)}) 12... Bxg5 13. Rxg5 h6 14. Qd4 hxg5 15. Qxh8+ Ke7 16. Qd4 a5 (16... Bxa2 $2 17. b3 Kf8 $18 (17... Qd7 $2 $18)) ({Black should try} 16... Qh8 $15) 17. Qe4 c6 18. Qe3 (18. Qd4 $11) 18... Kd7 $15 19. f4 gxf4 $1 20. Qxf4 Qe7 21. c4 b6 22. Re1 (22. h4 $11 {remains equal.}) 22... Rh8 $17 23. Qe3 {[%emt 0:03:18] [#]} Kc7 (23... Qd8 $1 $17 24. Rd1 Kc7 (24... Rxh2 $2 {is the wrong capture.} 25. Qe5 $18)) 24. Bh3 $1 $11 Qf6 ({Worse is} 24... Rxh3 25. Qxh3 Qg5+ 26. Qe3 $16) 25. Bxe6 Re8 26. c5 (26. Qg3 {simplifies} Rxe6 27. Rxe6 Qxe6 28. b3) 26... dxc5 (26... Qxe6 27. cxb6+ Kb7 28. a4 $15 (28. Qxe6 fxe6 29. Rg1 Rf8 $14)) 27. Qg3+ Kb7 28. Qd6 Rxe6 29. Qd7+ Kb8 30. Rxe6 Qxe6 31. Qxe6 fxe6 32. Kd2 Kc7 33. Ke3 e5 34. Ke4 Kd6 35. c4 a4 36. h4 Ke6 37. f4 exf4 38. Kxf4 Kf6 39. Kg4 Kg7 40. Kg5 Kf7 41. Kg4 Kg8 42. h5 gxh5+ 43. Kxh5 Kf7 44. Kg5 Ke6 45. Kf4 Kd6 46. Kf5 Ke7 (46... b5 $5 47. b3 $8 Ke7 $11) 47. Ke5 Kd7 48. Kf5 Kd6 49. Kf6 b5 50. b3 Kd7 (50... a3 $5) 51. Kf5 $1 Kd6 52. Kf6 $1 Kd7 (52... a3 $5) 53. Kf5 $1 Kd6 54. Kf6 Kd7 (54... a3 $5) 1/2-1/2

[Event "French-ch U16-U18 2024"]
[Site "Agen"]
[Date "2024.04.18"]
[Round "6.17"]
[White "Pichon, Ewen"]
[Black "Belkaid, Sohan"]
[Result "0-1"]
[ECO "D35"]
[WhiteElo "2252"]
[BlackElo "2412"]
[Annotator "TA"]
[PlyCount "94"]
[EventDate "2024.04.14"]
[EventType "swiss"]
[EventCountry "FRA"]
[SourceTitle "playchess.com"]
[Source "ChessBase"]
[SourceQuality "1"]
[TimeControl "5400+30"]

1. d4 d5 2. c4 e6 3. Nc3 Nf6 4. cxd5 exd5 5. Bg5 c6 6. e3 h6 7. Bh4 Be6 8. Bd3 Nbd7 9. Nge2 g5 {[%emt 0:00:27] White has an edge.} 10. Bg3 Nh5 $1 11. h3 Nxg3 12. Nxg3 Nf6 13. a3 h5 14. Qc2 h4 15. Nf5 Qc7 16. O-O-O O-O-O 17. Kb1 Kb8 18. Rc1 Qa5 19. f3 Nh5 20. Rhe1 Bxf5 21. Bxf5 Ng3 22. Bd3 Rh6 23. Ne2 Bd6 24. Nxg3 Bxg3 25. Re2 Re6 26. Bf5 Re7 27. Qb3 Qb6 28. Qxb6 axb6 29. Rd1 {[%emt 0:01:41] White is weak on the dark squares} b5 30. e4 dxe4 31. fxe4 c5 32. Red2 Bf4 33. Rd3 c4 34. Rf3 Be5 35. d5 (35. Rf2 $11) 35... Rd6 36. Rf2 Kc7 {[%emt 0:01:41] Black is more active.} 37. Rc2 Rb6 38. Ka2 Kd6 39. Rdd2 $2 {[%emt 0:00:22][%mdl 8192] [#] White does not recover from this.} (39. b3 $17) 39... Rc7 $1 $19 {[%emt 0:00:20] aiming for ...b4.} 40. Bg4 (40. b4 $142) 40... b4 41. axb4 Rxb4 42. Bf3 b5 43. Kb1 Ra7 {[%emt 0:02:07] [#] Hoping for ...Rba4.} 44. Re2 c3 45. Rc1 cxb2 {[%emt 0:00:40] Black mates.} 46. Rc6+ Ke7 47. d6+ Kf8 {[%emt 0:00:29] Weighted Error Value: White=0.56/Black=0.08 (flawless) .  Loses game:     	White=1     	---        Mistake:       	White=2     	---        Inaccurate:     	White=5     	Black=1      OK:         	White=11    	Black=15     Best:        	---       	Black=1      Strong:       	---       	Black=2} (47... Bxd6 $2 48. Rxb2 Rc4 49. Rxc4 bxc4 50. Ra2 $19) 0-1

[Event "French-ch U16-U18 2024"]
[Site "Agen"]
[Date "2024.04.18"]
[Round "6.18"]
[White "Warnier, Yanis"]
[Black "Schippke, Manon"]
[Result "1-0"]
[ECO "B42"]
[WhiteElo "2116"]
[BlackElo "2239"]
[Annotator "TA"]
[PlyCount "47"]
[EventDate "2024.04.14"]
[EventType "swiss"]
[EventCountry "FRA"]
[SourceTitle "playchess.com"]
[Source "ChessBase"]
[SourceQuality "1"]
[TimeControl "5400+30"]

1. e4 c5 2. Nf3 e6 3. d4 cxd4 4. Nxd4 a6 5. Bd3 Bc5 6. Nb3 Ba7 7. O-O Nc6 8. Qg4 Qf6 9. Qg3 h5 10. Be3 h4 {[%emt 0:05:48] White is slightly better.} 11. Qh3 d6 12. Bxa7 {[%emt 0:02:04] [#] aiming for Bb6.} e5 13. Qe3 Nxa7 14. Nc3 Ne7 15. Na5 h3 {[%emt 0:08:07] [#] And now ...hxg2 would win.} 16. g3 {[%emt 0:00:18] White is more active.} b5 {[%emt 0:13:57] Prevents Nc4} 17. b4 O-O 18. Rfd1 Be6 (18... Bg4 $11 {might be stronger.}) 19. Bf1 Nac6 20. Nxc6 Nxc6 21. Rxd6 Nxb4 (21... Nd4 $1 $14 22. Nd5 Qf3) 22. Nd5 $18 {[%emt 0:00:20] White is clearly winning.} Nxd5 23. exd5 e4 24. Rd1 {[%emt 0:00:19] Weighted Error Value: White=0.12 (very precise) /Black=0.45.  Loses game:     	---       	Black=1      Mistake:       	---       	Black=1      Inaccurate:     	White=4     	Black=2      OK:         	White=6     	Black=5      Best:        	White=2     	---} 1-0

[Event "French-ch U16-U18 2024"]
[Site "Agen"]
[Date "2024.04.18"]
[Round "6.19"]
[White "Lesueur, Gabriel"]
[Black "De Carvalho Massabo, Raphael"]
[Result "1/2-1/2"]
[ECO "C64"]
[WhiteElo "2235"]
[BlackElo "2105"]
[Annotator "TA"]
[PlyCount "42"]
[EventDate "2024.04.14"]
[EventType "swiss"]
[EventCountry "FRA"]
[SourceTitle "playchess.com"]
[Source "ChessBase"]
[SourceQuality "1"]
[TimeControl "5400+30"]

1. e4 e5 2. Nf3 Nc6 3. Bb5 a6 4. Ba4 Bc5 5. O-O Nge7 6. c3 Ba7 7. d4 Ng6 8. dxe5 b5 9. Bb3 {[%emt 0:01:30] [#] aiming for Bg5.} O-O 10. Qe2 Ncxe5 11. Nxe5 Nxe5 12. Be3 Bxe3 13. Qxe3 d6 (13... a5 $5 ) 14. f4 Nd7 15. Nd2 Bb7 16. Rae1 Qe7 17. Bc2 Rae8 18. Qh3 Qe6 {[%emt 0:01:25] The position is equal.} 19. Qxe6 Rxe6 20. Re2 Rfe8 21. Rfe1 R6e7 {[%emt 0:03:02] Weighted Error Value: White=0.13 (very precise) /Black=0.07 (flawless) .  Inaccurate:     	White=3     	Black=1      OK:         	White=4     	Black=6} 1/2-1/2

[Event "French-ch U16-U18 2024"]
[Site "Agen"]
[Date "2024.04.18"]
[Round "6.20"]
[White "Mendoza, Mael"]
[Black "Ciarletta, Ulysse"]
[Result "1-0"]
[ECO "B31"]
[WhiteElo "2088"]
[BlackElo "2217"]
[Annotator "TA"]
[PlyCount "59"]
[EventDate "2024.04.14"]
[EventType "swiss"]
[EventCountry "FRA"]
[SourceTitle "playchess.com"]
[Source "ChessBase"]
[SourceQuality "1"]
[TimeControl "5400+30"]

1. e4 c5 2. Nf3 Nc6 3. Bb5 g6 4. O-O Bg7 5. Re1 e5 6. b4 cxb4 7. a3 Nge7 8. axb4 O-O 9. Bb2 Nd4 10. Nxd4 exd4 11. c4 d6 {[%emt 0:10:36] The position is equal.} 12. d3 Be6 13. Ba4 Qb6 (13... a6 $11) 14. Qd2 g5 15. Qxg5 Qxb4 16. Qd2 (16. Bxd4 $2 Qxe1#) 16... Qc5 ({Black should play} 16... Nc6 $14) 17. Bd1 Ng6 18. Na3 f5 19. Nc2 a5 20. exf5 Bxf5 21. Bf3 Kh8 22. Bd5 {[%emt 0:03:16] White is more active.} Qb6 (22... a4 $142 23. g3 (23. Bxb7 Rab8 $16) 23... Bd7) 23. Rab1 $18 Qb3 $2 {[%emt 0:02:21] [#]} (23... Bc8 24. Bxd4 Qc7) 24. Bxd4 Qxd3 25. Bxg7+ Kxg7 26. Rxb7+ Kh8 27. Qh6 Ne7 28. Rbxe7 Qc3 29. Bxa8 (29. Rxh7+ $142 Bxh7 30. Re7 (30. Bxa8 Qg7 $18) 30... Qa1+ 31. Nxa1 Rf7 32. Rxf7 Kg8 33. Qxh7#) 29... Rg8 30. Qe3 {[%emt 0:01:07] Weighted Error Value: White=0.08 (flawless) /Black=0.82.  Mistake:       	---       	Black=5      Inaccurate:     	White=2     	Black=1      OK:         	White=7     	Black=1      Best:        	White=1     	Black=1} (30. Be4 $142 Qg7 31. Rxg7 Rxg7 32. Bxf5 Rxg2+ 33. Kxg2 Kg8 34. Re8+ Kf7 35. Qf8#) 1-0

[Event "French-ch U16-U18 2024"]
[Site "Agen"]
[Date "2024.04.19"]
[Round "7.1"]
[White "Fesigny, Oceane"]
[Black "Pereira-Davoine, Alana"]
[Result "0-1"]
[ECO "B58"]
[WhiteElo "1829"]
[BlackElo "1780"]
[Annotator "NA RC COMBH"]
[PlyCount "118"]
[EventDate "2024.04.14"]
[EventType "swiss"]
[EventCountry "FRA"]
[SourceTitle "playchess.com"]
[Source "ChessBase"]
[SourceQuality "1"]
[TimeControl "5400+30"]

1. e4 c5 2. Nf3 d6 3. d4 cxd4 4. Nxd4 Nf6 5. Nc3 a6 6. Be2 e5 7. Nf3 h6 8. a4 Be7 9. O-O O-O 10. h3 Be6 11. Re1 Nc6 12. Bf1 Qc7 13. Nd5 Bxd5 14. exd5 Nb4 15. c4 Nd7 16. a5 b6 17. axb6 Qxb6 18. Be3 Nc5 19. Nd2 Bg5 20. Bxc5 dxc5 21. Nf3 Bf6 22. Nxe5 Qd6 23. f4 Rfe8 24. Qd2 Bxe5 25. fxe5 Rxe5 26. Rxe5 Qxe5 27. Re1 Qf6 28. Re4 Rb8 29. d6 Rd8 30. d7 Nc6 31. Re8+ Kh7 32. Bd3+ g6 33. Be4 Nd4 34. Rxd8 Qxd8 35. Qf2 Qxd7 36. Bd5 Qf5 37. Qxf5 Nxf5 38. Bxf7 Kg7 39. Bd5 Kf6 40. Kf2 Ke5 41. g4 Ne7 42. Bb7 a5 43. Ke3 g5 44. Ba8 Ng6 45. Bg2 Nf4 46. Bf1 a4 47. Kf3 Kd4 48. h4 Ng6 49. hxg5 hxg5 50. Be2 Ne5+ 51. Kf2 Nxc4 52. Bxc4 Kxc4 53. Ke3 Kb3 54. Ke4 Kxb2 55. Kf5 a3 56. Kxg5 a2 57. Kf5 a1=Q 58. g5 Qa8 59. g6 Qg8 0-1

[Event "French-ch U16-U18 2024"]
[Site "Agen"]
[Date "2024.04.19"]
[Round "7.2"]
[White "Paralieu, Emma"]
[Black "Tran, Ky Lan"]
[Result "0-1"]
[ECO "B22"]
[WhiteElo "1775"]
[BlackElo "1724"]
[Annotator "NA RC COMBH"]
[PlyCount "52"]
[EventDate "2024.04.14"]
[EventType "swiss"]
[EventCountry "FRA"]
[SourceTitle "playchess.com"]
[Source "ChessBase"]
[SourceQuality "1"]
[TimeControl "5400+30"]

1. e4 c5 2. c3 Nf6 3. e5 Nd5 4. Nf3 e6 5. d4 cxd4 6. cxd4 d6 7. Bc4 Be7 8. O-O O-O 9. Qe2 b6 10. Qe4 Ba6 11. Bxd5 exd5 12. Qxd5 Nc6 13. Rd1 Be2 14. Rd2 Bxf3 15. Qxf3 Bg5 16. Rd1 Bxc1 17. Rxc1 Nxd4 18. Qe4 dxe5 19. Nc3 Re8 20. Rd1 f5 21. Qd3 Qe7 22. Rd2 Rad8 23. Rad1 Kh8 24. Nb5 Qg5 25. Nc7 e4 26. Qc3 Ne2+ 0-1

[Event "French-ch U16-U18 2024"]
[Site "Agen"]
[Date "2024.04.19"]
[Round "7.3"]
[White "Delmouly, Manon"]
[Black "Bat, Anu"]
[Result "0-1"]
[ECO "B40"]
[WhiteElo "1800"]
[BlackElo "1887"]
[Annotator "NA RC COMBH"]
[PlyCount "62"]
[EventDate "2024.04.14"]
[EventType "swiss"]
[EventCountry "FRA"]
[SourceTitle "playchess.com"]
[Source "ChessBase"]
[SourceQuality "1"]
[TimeControl "5400+30"]

1. e4 c5 2. Nf3 e6 3. d3 Nc6 4. g3 d5 5. Nbd2 Be7 6. Bg2 Bf6 7. O-O d4 8. Re1 e5 9. Nb3 b6 10. Nfd2 h5 11. Nf1 h4 12. f4 hxg3 13. Nxg3 g6 14. Rf1 Bg7 15. Rf2 Qh4 16. Bh1 Nf6 17. Nf1 Bh3 18. Nbd2 Ng4 19. Re2 Ne3 20. Nxe3 dxe3 21. Nf3 Qg4+ 22. Bg2 Nd4 23. Nxd4 Bxg2 24. Bxe3 Bf3+ 25. Kf1 exd4 26. Bg1 Bxe2+ 27. Qxe2 Qxe2+ 28. Kxe2 Kd7 29. Kf3 Rh3+ 30. Kg2 Rah8 31. Rf1 Ke6 0-1

[Event "French-ch U16-U18 2024"]
[Site "Agen"]
[Date "2024.04.19"]
[Round "7.4"]
[White "Bellahcene, Jenna"]
[Black "Sarishvili, Mariam"]
[Result "1-0"]
[ECO "C02"]
[WhiteElo "1766"]
[BlackElo "1719"]
[Annotator "NA RC COMBH"]
[PlyCount "57"]
[EventDate "2024.04.14"]
[EventType "swiss"]
[EventCountry "FRA"]
[SourceTitle "playchess.com"]
[Source "ChessBase"]
[SourceQuality "1"]
[TimeControl "5400+30"]

1. e4 e6 2. d4 d5 3. e5 c5 4. c3 Nc6 5. g3 Qb6 6. Ne2 cxd4 7. cxd4 Bb4+ 8. Nbc3 Bd7 9. Bh3 Be7 10. O-O h5 11. Rb1 g5 12. Be3 O-O-O 13. Qd2 g4 14. Bg2 f5 15. Rfc1 Rf8 16. a3 Kb8 17. b4 h4 18. b5 Na5 19. Na4 Qd8 20. Nc5 Nc4 21. Rxc4 dxc4 22. Nxb7 Qc7 23. Na5 Kc8 24. Nc6 hxg3 25. hxg3 Rf7 26. d5 Bxc6 27. bxc6 Qxe5 28. Bf4 Qf6 29. Rb8# 1-0

[Event "French-ch U16-U18 2024"]
[Site "Agen"]
[Date "2024.04.19"]
[Round "7.5"]
[White "Lavilledieu, Lily-Mei"]
[Black "Roy, Suvrojita"]
[Result "1-0"]
[ECO "A65"]
[WhiteElo "1783"]
[BlackElo "1665"]
[Annotator "NA RC COMBH"]
[PlyCount "157"]
[EventDate "2024.04.14"]
[EventType "swiss"]
[EventCountry "FRA"]
[SourceTitle "playchess.com"]
[Source "ChessBase"]
[SourceQuality "1"]
[TimeControl "5400+30"]

1. d4 c5 2. d5 Nf6 3. c4 e6 4. Nc3 exd5 5. cxd5 d6 6. e4 g6 7. Bd3 Bg7 8. Nge2 O-O 9. O-O Re8 10. f3 Nbd7 11. Kh1 Ne5 12. Bc2 a6 13. a4 b6 14. Rb1 Bb7 15. g4 Qd7 16. Ng3 h6 17. Kg2 b5 18. h3 b4 19. Nce2 Qc7 20. h4 Nfd7 21. b3 a5 22. h5 g5 23. Nf5 Nf6 24. Nxg7 Kxg7 25. Ng3 Bc8 26. Be3 Bd7 27. Qd2 Nh7 28. Bd1 c4 29. bxc4 Qxc4 30. Bd4 Nf6 31. Be2 Qc7 32. Rfc1 Qb7 33. Bb5 Bxb5 34. Nf5+ Kh7 35. Nxd6 Qd7 36. Nxe8 Rxe8 37. axb5 Nxf3 38. Qd3 Qxg4+ 39. Kf1 Nh2+ 40. Ke1 Rxe4+ 41. Kf2 Qf4+ 42. Kg2 Qg4+ 43. Kxh2 Nxh5 44. Rd1 Qh4+ 45. Kg1 Ng3 46. Kg2 Kg8 47. b6 Ne2 48. Bf2 Nf4+ 49. Kf3 Qh5+ 50. Kxe4 Nxd3 51. Kxd3 Qf3+ 52. Be3 Qxd5+ 53. Ke2 Qg2+ 54. Ke1 Qh1+ 55. Ke2 Qg2+ 56. Kd3 Qd5+ 57. Bd4 Qf5+ 58. Kc4 g4 59. Re1 Kh7 60. b7 Qf4 61. Kb5 Qc7 62. Ka6 Qc4+ 63. Kxa5 Qc7+ 64. Ka6 Qc4+ 65. Ka7 Qxd4+ 66. Ka8 Qd8+ 67. b8=Q Qa5+ 68. Kb7 Qb5+ 69. Kc8 Qxb8+ 70. Kxb8 Kg6 71. Rxb4 h5 72. Re5 f6 73. Rb6 h4 74. Ree6 Kg5 75. Rxf6 h3 76. Rh6 Kf4 77. Rbg6 Kf5 78. Rg8 Kf4 79. Rhg6 1-0